 Dungeon Crawl Stone Soup version 0.31-a0-675-g238779eb0a (webtiles) character file.

Game seed: 12514550091928000751

70 javelincjr the Trooper (level 4, -2/35 HPs)
             Began as a Demonspawn Fighter on Sept 5, 2023.
             Was a Follower of Dithmenos.
             Slain by Grinder (4 damage)
             ... on level 3 of the Dungeon.
             The game lasted 00:08:42 (1771 turns).

javelincjr the Trooper (Demonspawn Fighter)         Turns: 1771, Time: 00:08:42

Health: -2/35      AC:  8    Str: 18    XL:     4   Next: 3%
Magic:  4/4        EV:  9    Int: 10    God:    Dithmenos [*.....]
Gold:   149        SH:  4    Dex: 12    Spells: 3/3 levels left

rFire   . . .        a - +0 war axe
rCold   . . .        c - +0 buckler
rNeg    . . .        b - +0 scale mail
rPois   .            (no helmet)
rElec   .            l - +0 cloak
rCorr   .            (no gloves)
SInv    .            (no boots)
Will    .....        (no amulet) Stlth
                     (no ring)
HPRegen 0.25/turn    (no ring)
MPRegen 0.09/turn

%: no passive effects
@: wreathed by umbra
A: powered by pain 2, weakness stinger 1
a: Renounce Religion


You were on level 3 of the Dungeon.
You worshipped Dithmenos.
Dithmenos was aware of your devotion.
You visited 1 branch of the dungeon, and saw 3 of its levels.

You collected 149 gold pieces.

Inventory:

Hand Weapons
 a - a +0 war axe (weapon)
 n - a +0 eveningstar
Armour
 b - a +0 scale mail (worn)
 c - a +0 buckler (worn)
 l - a +0 cloak (worn)
Scrolls
 e - a scroll of revelation {unknown}
 g - a scroll of fear {unknown}
 k - a scroll of brand weapon {unknown}
 m - 2 scrolls of identify {unknown}
 o - a scroll of poison {unknown}
 q - a scroll of amnesia {unknown}
 r - a scroll of enchant weapon {unknown}
Potions
 d - 2 potions of might
 f - a potion of curing {unknown}
 h - a potion of attraction {unknown}
 i - a potion of enlightenment {unknown}
 j - a potion of brilliance {unknown}
 p - a potion of heal wounds {unknown}


   Skills:
 + Level 3.5 Fighting
 + Level 2.5 Axes
 + Level 3.2 Armour
 + Level 3.1 Shields


You had 3 spell levels left.
You didn't know any spells.
Your spell library contained the following spells:

 Spells                   Type           Power      Damage    Failure   Level
 Dazzling Flash           Conj/Hex       0%         N/A       99%         3
 Agony                    Necr           0%         N/A       100%        5
 Silence                  Hex/Air        0%         N/A       100%        5


Dungeon Overview and Level Annotations

Branches:
Dungeon (3/15)

Altars:
Dithmenos
Trog

Shops:
D:2 [

Annotations:
D:3 Grinder


Innate Abilities, Weirdness & Mutations

You sometimes gain power by taking damage.
You have a small tail.


Message History

Grinder shouts!
You closely miss Grinder. Grinder closely misses you.
You hit Grinder.
Grinder is lightly wounded.
You block Grinder's attack. Grinder gestures at you.
You suddenly lose the ability to move!
Grinder gestures at you.
You barely resist. Grinder completely misses you.
You can move again.
You hit Grinder.
Grinder is lightly wounded.
Grinder gestures at you. Pain shoots through your body!
You hit Grinder.
Grinder is moderately wounded.
You block Grinder's attack.
Grinder blinks!
Grinder blinks!
Grinder gestures at you.
You suddenly lose the ability to move!
Grinder hits you but does no damage. Grinder hits you. Grinder hits you.
You writhe in agony.
You can move again.
You hit Grinder.
Your tail-slap misses Grinder.
Grinder is heavily wounded.
Grinder says, "FISH!"
Grinder hits you but does no damage.
You hit Grinder.
Grinder is heavily wounded.
Grinder hits you.
You writhe in agony.
* * * LOW HITPOINT WARNING * * *
You hit Grinder.
Grinder is heavily wounded.
Grinder hits you.
* * * LOW HITPOINT WARNING * * *
You writhe in agony.
You die...
Grinder says, "Now the real fun starts!"

## ###.#### #..
....... #.# #..... #.#
#..... #.# #..... ##
#.# #.....
#..##.####### #.....
#...........#####.....
#.###@#####.......##.#
#....5.....######.##.#
#.###.............##.#
######.#####..##.# #.#
#........ #.#
#.#.###.# #.# #.#.#
#.# #.# #.#.#
#######.###.#.#


You could see Grinder.

Vanquished Creatures
  2 adders
  3 dart slugs
  7 ball pythons
  2 bats (D:2)
  4 endoplasms
  4 giant cockroaches
  A hobgoblin (D:2)
  4 jackals (D:2)
  4 kobolds
  2 quokkas
  2 frilled lizards (D:1)
  5 goblins
  3 rats
43 creatures vanquished.

Notes
Turn   | Place    | Note
-------+----------+-------------------------------------------
     0 | D:1      | javelincjr the Demonspawn Fighter began the quest for the
                  | Orb.
     0 | D:1      | Reached XP level 1. HP: 18/18 MP: 1/1
   225 | D:1      | Gained mutation: You sometimes gain a little power by
                  | taking damage. [demonic ancestry]
   225 | D:1      | Reached XP level 2. HP: 16/24 MP: 2/2
   814 | D:2      | Gained mutation: You sometimes gain power by taking damage.
                  | [demonic ancestry]
   814 | D:2      | Reached XP level 3. HP: 27/29 MP: 3/3
  1005 | D:2      | Found a bloodstained altar of Trog.
  1149 | D:2      | Found Xedghuske's Armour Shop.
  1556 | D:2      | Found a faded altar of an unknown god.
  1601 | D:2      | Prayed at the altar of an unknown god.
  1601 | D:2      | Became a worshipper of Dithmenos the Shadowed
  1601 | D:2      | Reached * piety under Dithmenos
  1649 | D:3      | Gained mutation: You have a small tail. [demonic ancestry]
  1649 | D:3      | Reached XP level 4. HP: 25/35 MP: 4/4
  1752 | D:3      | Noticed Grinder
  1756 | D:3      | Paralysed by Grinder for 3 turns
  1764 | D:3      | Paralysed by Grinder for 5 turns
  1771 | D:3      | Slain by Grinder

Illustrated notes

Levels and vault maps discovered:
D:1:      wander_arrival_peaceful_grave, layout_loops_cross, minmay_tromino_i2
D:2:      layout_basic, serial_shops, nicolae_lakefront_shop,
          shapermc_ecumenical_altar_hornbeckon, basic_altar, solitary_fountain,
          palyth_stone_intersect, bh_walls_and_bars
D:3:      layout_loops_ring, mainiacjoe_overflow_two_lobes,
          ebering_ghost_sewer_f, uniq_grinder

Skill      XL: |  1  2 |
---------------+-------+-----
Axes           | 2 |  2.5
Armour         | 3 |  3.2
Shields        | 3 |  3.1
Fighting       | |  3.5

Action                     |  1- 3 |  4- 6 || total
---------------------------+-------+-------++-------
  Melee: War axe           |   104 |    15 ||   119
         Tailslap          |       |     1 ||     1
 Armour: Scale mail        |   101 |    11 ||   112
  Dodge: Dodged            |    38 |     5 ||    43
  Block: Buckler           |    18 |     5 ||    23

Table legend: (Time is in decaauts)
 A = Elapsed time spent in this place.
 B = Non-inter-level travel time spent in this place.
 C = Inter-level travel time spent in this place.
 D = Time resting spent in this place.
 E = Time spent auto-exploring this place.
 F = Levels seen in this place.
 G = Mean time per level.
                   A        B        C        D        E       F      G
               +--------+--------+--------+--------+--------+-----+--------+
         Total |   1826 |   1768 |     58 |      0 |   1398 |   3 |  608.7 |
       Dungeon |   1826 |   1768 |     58 |      0 |   1398 |   3 |  608.7 |
               +--------+--------+--------+--------+--------+-----+--------+

Top non-repeatable levels by time:
     D:2: 930 daAuts
     D:1: 760 daAuts
     D:3: 135 daAuts
